 Dungeon Crawl Stone Soup version 0.28-a0-1159-g27aa881441 (webtiles) character file.

Game seed: 14583815667300257185

28 Gwenloh the Vexing (level 3, 0/35 HPs)
             Began as an Ogre Arcane Marksman on Dec 16, 2021.
             Succumbed to an adder's poison
             ... on level 2 of the Dungeon.
             The game lasted 00:05:49 (1490 turns).

Gwenloh the Vexing (Ogre Arcane Marksman)           Turns: 1490, Time: 00:05:50

Health: 0/35       AC:  3    Str: 14    XL:     3   Next: 14%
Magic:  4/4        EV: 10    Int: 14    God:
Gold:   48         SH:  0    Dex: 11    Spells: 3/4 levels left

rFire   . . .      SeeInvis .   k - +0 whip
rCold   . . .      Faith    .   (no shield)
rNeg    . . .      Spirit   .   a - +0 robe
rPois   .          Reflect  .   (helmet restricted)
rElec   .          Harm     .   (no cloak)
rCorr   .          Rampage  .   (gloves unavailable)
Will    .....                   (boots unavailable)
Stlth   +.........              (no amulet)
HPRegen 0.11/turn               (no ring)
MPRegen 0.09/turn               (no ring)

@: lethally poisoned (0 -> -10)
A: large, unfitting armour, tough skin 1
a: no special abilities


You were on level 2 of the Dungeon.
You visited 1 branch of the dungeon, and saw 2 of its levels.

You collected 48 gold pieces.

Inventory:

Hand Weapons
 k - a +0 whip (weapon)
Missiles
 c - a throwing net (quivered)
 e - 13 stones
Armour
 a - a +0 robe (worn)
Scrolls
 d - 4 scrolls of identify {unknown}
 f - a scroll of fear {unknown}
 g - a scroll of acquirement {unknown}
 h - a scroll of blinking {unknown}
 j - a scroll of brand weapon {unknown}
Potions
 i - a potion of ambrosia {unknown}


   Skills:
 + Level 2.2 Fighting
 + Level 2.4 Throwing
 + Level 2.2 Dodging
 - Level 1.2 Spellcasting
 + Level 3.0 Hexes


You had 3 spell levels left.
You knew the following spells:

 Your Spells              Type           Power      Damage    Failure   Level
a - Slow                  Hex            36%        N/A       8%          1

Your spell library contained the following spells:

 Spells                   Type           Power      Damage    Failure   Level
 Animate Skeleton         Necr           0%         N/A       26%         1
 Apportation              Tloc           0%         N/A       26%         1
 Summon Small Mammal      Summ           0%         N/A       26%         1
 Inner Flame              Hex/Fire       5%         N/A       38%         3
 Portal Projectile        Hex/Tloc       10%        N/A       38%         3
 Cause Fear               Hex            4%         N/A       58%         4


Dungeon Overview and Level Annotations

Branches:
Dungeon (2/15)

Altars:

Shops:
D:1 [([::


Innate Abilities, Weirdness & Mutations

You are too large for most types of armour.
You have tough skin. (AC +1)


Message History

Aim: an adder (moderately wounded, 38% to hit)
You throw a large rock. The large rock misses the adder.
You feel sick.
You are no longer poisoned.
The adder bites you.
You are poisoned.
The adder poisons you! The adder closely misses you.
Throw: 3 large rocks
Press: ? - help, Q - select action, (/) - cycle Shift-Dir - straight line, f/p - adder
Aim: an adder (moderately wounded, 38% to hit)
You throw a large rock. The large rock misses the adder.
You feel very sick. The adder bites you but does no damage.
The adder bites you.
You are more poisoned.
The adder poisons you!
Throw: 2 large rocks
Press: ? - help, Q - select action, (/) - cycle Shift-Dir - straight line, f/p - adder
Aim: an adder (moderately wounded, 38% to hit)
You throw a large rock.
The large rock closely misses the adder.
You feel very sick. The adder bites you but does no damage.
The adder closely misses you. The adder bites you.
* * * LOW HITPOINT WARNING * * *
Throw: large rock
Press: ? - help, Q - select action, (/) - cycle Shift-Dir - straight line, f/p - adder
Aim: an adder (moderately wounded, 38% to hit)
You throw a large rock. The large rock barely misses the adder.
* * * LOW HITPOINT WARNING * * *
You feel very sick. The adder closely misses you. The adder bites you.
* * * LOW HITPOINT WARNING * * *
You are more poisoned.
The adder poisons you!
Throw: 2 throwing nets
Press: ? - help, Q - select action, (/) - cycle Shift-Dir - straight line, f/p - adder
Aim: an adder (moderately wounded, 38% to hit)
You throw a throwing net.
The throwing net barely misses the adder.
You die...

#.# #.# #.# #.#
#.########.#
#.##.....#.#
#.##.....#.#
#.##.....#.#
#.##.....#.#
#.##.....#.########
#........#.@S?(...(
####...#.###.......
#...#.###.#####.
#..........
###.#.###.##
#.#.###.###
#>.........
#.#.########
#.#........#


You could see an adder.

Vanquished Creatures
  A worm (D:2)
  2 dart slugs (D:1)
  5 ball pythons (D:1)
  3 endoplasms (D:1)
  A hobgoblin (D:1)
  3 bats
  2 frilled lizards (D:1)
  3 goblins (D:1)
  A rat (D:2)
21 creatures vanquished.

Notes
Turn   | Place    | Note
-------+----------+-------------------------------------------
     0 | D:1      | Gwenloh the Ogre Arcane Marksman began the quest for the
                  | Orb.
     0 | D:1      | Reached XP level 1. HP: 19/19 MP: 2/2
    31 | D:1      | Found Sikos's Antique Armour Boutique.
    51 | D:1      | Found Plog's Book Shop.
   108 | D:1      | Reached XP level 2. HP: 28/28 MP: 3/3
   124 | D:1      | Found Sopnik Anon's Weapon Shoppe.
   733 | D:1      | Found Tyreem's Book Boutique.
   836 | D:1      | Reached XP level 3. HP: 21/35 MP: 4/4
   984 | D:1      | Found Moharug's Armour Emporium.
  1236 | D:2      | Reached skill level 3 in Hexes
  1490 | D:2      | Succumbed to an adder's poison

Illustrated notes

Levels and vault maps discovered:
D:1:      evilmike_arrival_crescent, layout_basic, serial_shops,
          nicolae_shop_advertising_works [nicolae_subvault_shop_adworks], shop,
          nicolae_lakefront_shop, shop, nicolae_lakefront_shop,
          minmay_misc_feat_iff, minmay_misc_feat_encased
D:2:      layout_basic, serial_shops, shop, kennysheep_generic_room_13,
          uniq_crazy_yiuf_cottage

Skill      XL: |  1  2  3 |
---------------+----------+-----
Dodging        | 2 |  2.2
Fighting       | 2 |  2.2
Hexes          | 3 |  3.0
Throwing       | |  2.4
Spellcasting   | |  1.2

Action                   || total
-------------------------++-------
Melee: Unarmed           ||    39
       Whip              ||    34
Throw: Stone             ||    68
       Large rock        ||     7
       Throwing net      ||     1
Armor: Robe              ||    27
Dodge: Dodged            ||    48

Table legend: (Time is in decaauts)
 A = Elapsed time spent in this place.
 B = Non-inter-level travel time spent in this place.
 C = Inter-level travel time spent in this place.
 D = Time resting spent in this place.
 E = Time spent auto-exploring this place.
 F = Levels seen in this place.
 G = Mean time per level.
                   A        B        C        D        E       F      G
               +--------+--------+--------+--------+--------+-----+--------+
         Total |   1499 |   1481 |     18 |      2 |   1216 |   2 |  749.5 |
       Dungeon |   1499 |   1481 |     18 |      2 |   1216 |   2 |  749.5 |
               +--------+--------+--------+--------+--------+-----+--------+

Top non-repeatable levels by time:
     D:1: 1199 daAuts
     D:2: 299 daAuts
